 Dungeon Crawl Stone Soup version 0.30-a0-800-g7c544603b3 (webtiles) character file.

Game seed: 15072643634725609868

608 sircluck the Chopper (level 7, -2/61 HPs)
             Began as a Hill Orc Fighter on Feb 22, 2023.
             Slain by a gnoll
             ... wielding a +0 flail
             ... led by a gnoll sergeant
              (5 damage)
             ... on level 5 of the Dungeon.
             The game lasted 00:05:42 (3950 turns).

sircluck the Chopper (Hill Orc Fighter)             Turns: 3950, Time: 00:05:42

Health: -2/61      AC:  7    Str: 21    XL:     7   Next: 43%
Magic:  7/7        EV:  9    Int:  8    God:
Gold:   308        SH:  4    Dex: 10    Spells: 6/6 levels left

rFire   . . .      SeeInvis .    r - +0 broad axe
rCold   . . .      Faith    .    c - +0 buckler
rNeg    . . .      Spirit   .    b - +0 scale mail
rPois   .          Reflect  .    (no helmet)
rElec   .          Harm     .    (no cloak)
rCorr   .          Rampage  .    (no gloves)
Will    .....                    (no boots) Stlth
                                 (no amulet)
HPRegen 0.30/turn                (no ring)
MPRegen 0.10/turn                (no ring)

@: no status effects
A: no striking features
a: no special abilities


You were on level 5 of the Dungeon.
You visited 1 branch of the dungeon, and saw 5 of its levels.
You also visited: Sewer.

You collected 308 gold pieces.

Inventory:

Hand Weapons
 a - a +0 war axe
 h - a +4 quarterstaff
 r - a +0 broad axe (weapon)
Missiles
 t - 8 boomerangs (quivered)
Armour
 b - a +0 scale mail (worn)
 c - a +0 buckler (worn)
Magical Staves
 p - a staff of fire
Scrolls
 d - a scroll of brand weapon {unknown}
 f - a scroll of immolation {unknown}
 j - a scroll of enchant weapon {unknown}
 l - 2 scrolls of identify {unknown}
 n - a scroll of teleportation {unknown}
 q - a scroll of summoning {unknown}
 s - a scroll of blinking {unknown}
Potions
 e - a potion of mutation {unknown}
 g - a potion of lignification {unknown}
 i - 2 potions of brilliance {unknown}
 k - a potion of heal wounds
 m - a potion of attraction {unknown}
 o - a potion of flight {unknown}
 v - a potion of magic {unknown}
 w - a potion of invisibility {unknown}
 x - 2 potions of curing {unknown}


   Skills:
 + Level 5.1 Fighting
 + Level 6.7 Axes
 + Level 1.3 Throwing
 + Level 5.3 Armour
 + Level 1.4 Dodging
 + Level 0.3 Stealth
 + Level 4.1 Shields


You had 6 spell levels left.
You didn't know any spells.
Your spell library contained the following spells:

 Spells                   Type           Power      Damage    Failure   Level
 Necrotise                Necr           0%         1d4       82%         1
 Vampiric Draining        Necr           0%         2d6       99%         3
 Agony                    Necr           0%         N/A       100%        5


Dungeon Overview and Level Annotations

Branches:
Dungeon (5/15)              Sewer (visited)
 Temple: D:4-7

Altars:
Ashenzari
Xom
Yredelemnul

Shops:
D:2 :


Message History

A gnoll comes into view. It is wielding a +0 halberd.
The gnoll hits you but does no damage.
The gnoll sergeant hits you but does no damage.
The gnoll shouts!
You slash the gnoll sergeant!
You kill the gnoll sergeant!
You hit the gnoll but do no damage.
You feel sick. The gnoll hits you with a +0 flail.
You closely miss the gnoll.
The gnoll is heavily wounded.
You barely miss the gnoll.
You feel sick. The gnoll hits you but does no damage.
The gnoll hits you with a +0 flail!
* * * LOW HITPOINT WARNING * * *
You feel much better.
You feel sick. The gnoll hits you with a +0 flail.
The gnoll hits you from afar with a +0 halberd.
The gnoll hits you with a +0 flail!
* * * LOW HITPOINT WARNING * * *
You barely miss the gnoll.
The gnoll is heavily wounded.
You closely miss the gnoll.
You feel sick. You block the gnoll's attack.
The gnoll hits you but does no damage. The gnoll hits you with a +0 flail.
* * * LOW HITPOINT WARNING * * *
You feel much better.
You feel sick. The gnoll barely misses you.
The gnoll drinks a potion.
The gnoll goes berserk!
The gnoll barely misses you.
You closely miss the gnoll.
The gnoll is heavily wounded.
You closely miss the gnoll.
You feel sick.
You are no longer poisoned.
The gnoll hits you from afar with a +0 halberd.
The gnoll hits you with a +0 flail. The gnoll hits you but does no damage.
The gnoll barely misses you.
You hit the gnoll.
The gnoll is severely wounded.
You slash the gnoll!
You kill the gnoll!
The gnoll hits you from afar with a +0 halberd!!
* * * LOW HITPOINT WARNING * * *
The gnoll barely misses you. The gnoll misses you. The gnoll barely misses you.
The gnoll hits you with a +0 flail.
You die...

............######.#
##.....##.......##.#
..........#.#.#.##.#
#.
.#...#.#.#...#.##..
....#.#.#..........
#.......##.....##
....#...........# ..
#....#.###.##
#..g@.......#
#......g##.....##
..#.#.#g. ..$....
#...#.#.#...#.#
.........#.#.# .
#.....##.......
....... ..#.... .#.#
#. .#. ..


You could see 3 gnolls.

Vanquished Creatures
  Pargi (Sewer)
  An ice beast (D:5)
  A gnoll sergeant (D:5)
  A scorpion (D:5)
  A hound (D:5)
  A jelly (D:5)
  An orc wizard (D:3)
  A gnoll (D:5)
  2 river rats (D:4)
  9 adders
  An ufetubus (D:4)
  3 worms
  10 orcs
  7 bats
  9 endoplasms
  7 giant cockroaches
  6 goblins
  10 hobgoblins
  7 jackals
  6 kobolds
  A quokka (D:1)
  12 ball pythons
  3 frilled lizards
  8 rats
109 creatures vanquished.

Vanquished Creatures (others)
  A giant cockroach (D:3)
  A kobold (D:3)
2 creatures vanquished.

Grand Total: 111 creatures vanquished

Notes
Turn   | Place    | Note
-------+----------+-------------------------------------------
     0 | D:1      | sircluck the Hill Orc Fighter began the quest for the Orb.
     0 | D:1      | Reached XP level 1. HP: 19/19 MP: 1/1
     1 | D:1      | Found a broken altar of Ashenzari.
    34 | D:1      | Reached XP level 2. HP: 25/27 MP: 2/2
   155 | D:1      | Reached skill level 3 in Axes
   195 | D:1      | Reached XP level 3. HP: 23/33 MP: 3/3
   736 | D:2      | Found Xinil's Book Emporium.
   767 | D:2      | Reached skill level 4 in Axes
   767 | D:2      | Reached XP level 4. HP: 29/40 MP: 4/4
  1349 | D:2      | Reached XP level 5. HP: 35/47 MP: 5/5
  1761 | D:3      | Found a shimmering altar of Xom.
  2234 | D:3      | Reached skill level 5 in Axes
  2565 | D:4      | Found a glowing drain.
  2593 | D:4      | Reached skill level 1 in Throwing
  2596 | D:4      | Reached XP level 6. HP: 32/53 MP: 6/6
  2600 | Sewer    | Entered a sewer
  2682 | Sewer    | Noticed Pargi
  2707 | Sewer    | Killed Pargi
  3199 | D:4      | Reached skill level 1 in Dodging
  3584 | D:4      | Found a basalt altar of Yredelemnul.
  3669 | D:5      | Entered Level 5 of the Dungeon
  3855 | D:5      | Noticed an ice beast
  3869 | D:5      | Killed an ice beast
  3870 | D:5      | Reached skill level 5 in Fighting
  3870 | D:5      | Reached skill level 6 in Axes
  3870 | D:5      | Reached skill level 5 in Armour
  3870 | D:5      | Reached XP level 7. HP: 11/61 MP: 7/7
  3950 | D:5      | HP: 3/61 [gnoll/+0 halberd[a gnoll sergeant] (19)]
  3950 | D:5      | Slain by a gnoll

Illustrated notes

Levels and vault maps discovered:
D:1:      sevenhm_arrival_forest_fort_small_6, layout_rooms,
          minmay_misc_feat_alley
D:2:      layout_loops_ring, serial_shops, nicolae_shop_crystal,
          minmay_pentomino_r4
D:3:      layout_loops_ring, xom_confusion_cloud, minmay_misc_feat_pillars,
          kennysheep_generic_room_15
D:4:      layout_loops_cross, mainiacjoe_overflow_alcove_4,
          portal_sewer_entry_c, hex_medium
D:5:      nicolae_cairo_tiling_large_dashed, layout_loops_ring, serial_shops,
          nicolae_shop_crystal, uniq_menkaure

Skill      XL: |  1  2  3  4  5  6 |
---------------+-------------------+-----
Axes           | 3 4 5 6 |  6.7
Fighting       | 4 5 |  5.1
Armour         | 4 5 |  5.3
Throwing       | 1 |  1.3
Dodging        | 1 |  1.4
Shields        | 4 |  4.1
Stealth        | |  0.3

Action                     |  1- 3 |  4- 6 |  7- 9 || total
---------------------------+-------+-------+-------++-------
  Melee: War axe           |   110 |    84 |       ||   194
         Broad axe         |       |    97 |    11 ||   108
  Throw: Stone             |       |    34 |       ||    34
         Boomerang         |       |    21 |       ||    21
    Use: Potion            |       |     2 |     3 ||     5
 Armour: Scale mail        |    64 |   127 |     8 ||   199
  Dodge: Dodged            |    72 |   123 |    11 ||   206
  Block: Buckler           |    32 |    57 |     2 ||    91

Table legend: (Time is in decaauts)
 A = Elapsed time spent in this place.
 B = Non-inter-level travel time spent in this place.
 C = Inter-level travel time spent in this place.
 D = Time resting spent in this place.
 E = Time spent auto-exploring this place.
 F = Levels seen in this place.
 G = Mean time per level.
                   A        B        C        D        E       F      G
               +--------+--------+--------+--------+--------+-----+--------+
         Total |   4116 |   4001 |    115 |      0 |   3109 |   6 |  686.0 |
       Dungeon |   3612 |   3497 |    115 |      0 |   2754 |   5 |  722.4 |
         Sewer |    503 |    503 |      0 |      0 |    355 |   1 |  503.0 |
               +--------+--------+--------+--------+--------+-----+--------+

Top non-repeatable levels by time:
     D:2: 1115 daAuts
     D:3: 922 daAuts
     D:4: 683 daAuts
     D:1: 599 daAuts
   Sewer: 503 daAuts
     D:5: 291 daAuts
